AoeStats
← Dickpantz

Arabia

506741040Analyzed
4v4 RM · 18d ago on Sep 14, 2026· 54m 1s· 8 players
Game mode
Random Map
Map size
Large (8 player)
Population
200
Speed
Normal
Resources
Standard
Victory
Conquest
Starting age
Dark Age
Ending age
Imperial Age
RankedLock teamsTeams togetherTeam positionsShared explorationLock speedFull tech treeHidden civsTurbo modeCheats
Victory
Defeat
🇦🇷 Burgundians · Argentina
1215
+13
🇨🇱 Georgians · Chile
1212
+13
🇨🇱 Japanese · Chile
1154
+16
🇧🇷 Inca · Brazil
1093
+19
🇨🇳 Bulgarians · China
1160
-16
🇺🇸 Lithuanians · United States
1159
-16
🇺🇸 Ethiopians · United States
1148
-15
🇬🇧 Persians · United Kingdom
1125
-14
Ricardo
2:51 Loom
10:46 Feudal Age
12:02 Double-Bit Axe
13:44 Man-at-Arms
24:35 Castle Age
22:40 Padded Archer Armor
25:03 Pikeman
25:57 Fletching
27:46 Scale Barding Armor
29:56 Wheelbarrow
29:30 Town Watch
30:53 Town Patrol
32:44 Bodkin Arrow
35:40 Thumb Ring
36:59 Gold Mining
37:00 Stone Mining
38:01 Bloodlines
37:51 Husbandry
44:29 Imperial Age
44:17 Bow Saw
44:23 Squires
44:09 Gambesons
44:27 Scale Mail Armor
44:37 Forging
45:57 Gold Shaft Mining
45:49 Chain Mail Armor
45:34 Halberdier
47:33 Plate Mail Armor
47:38 Iron Casting
50:39 Iron Casting
54:03 Hand Cart
Rokototo
9:33 Feudal Age
7:54 Loom
9:40 Feudal Age
11:11 Double-Bit Axe
15:40 Horse Collar
17:34 Bloodlines
22:15 Castle Age
20:43 Gold Mining
20:48 Stone Mining
21:14 Scale Barding Armor
22:40 Forging
23:23 Heavy Plow
24:21 Bow Saw
28:09 Stone Shaft Mining
32:15 Chain Barding Armor
33:20 Iron Casting
32:53 Light Cavalry
37:30 Wheelbarrow
41:03 Imperial Age
38:29 Treadmill Crane
39:54 Hand Cart
39:28 Town Watch
40:57 Husbandry
41:42 Devotion
41:12 Elite Monaspa
42:16 Conscription
43:32 Crop Rotation
43:40 Plate Barding Armor
44:05 Masonry
45:38 Hoardings
45:37 Architecture
45:01 Guard Tower
45:32 Ballistics
46:51 Blast Furnace
46:46 Aznauri Cavalry
46:51 Town Patrol
46:45 Fletching
50:08 Murder Holes
53:44 Fortified Wall
54:35 Chemistry
54:12 Keep
Brandt9700
7:01 Loom
9:14 Feudal Age
9:56 Double-Bit Axe
14:00 Fletching
14:11 Padded Archer Armor
15:36 Padded Archer Armor
19:53 Wheelbarrow
23:58 Castle Age
24:01 Elite Skirmisher
24:59 Bodkin Arrow
25:28 Horse Collar
30:07 Leather Archer Armor
30:02 Gold Mining
30:25 Pikeman
31:05 Squires
31:52 Scale Mail Armor
32:11 Squires
35:06 Forging
46:56 Bow Saw
46:47 Heavy Plow
49:15 Iron Casting
48:55 Chain Mail Armor
48:55 Arson
Skavio22
6:44 Loom
9:23 Feudal Age
8:28 Wheelbarrow
9:50 Double-Bit Axe
10:07 Double-Bit Axe
10:16 Horse Collar
12:28 Bow Saw
16:56 Scale Barding Armor
19:17 Forging
20:26 Wheelbarrow
23:17 Castle Age
24:53 Iron Casting
25:21 Two-Man Saw
24:22 Heavy Plow
24:32 Cavalier
25:13 Husbandry
31:10 Chain Barding Armor
31:16 Hand Cart
34:13 Stone Mining
34:13 Gold Mining
35:32 Town Watch
40:02 Imperial Age
38:41 Gold Shaft Mining
38:42 Stone Shaft Mining
40:01 Fletching
40:09 Paladin
41:26 Plate Barding Armor
41:52 Blast Furnace
42:02 Crop Rotation
43:52 Conscription
45:13 Town Patrol
44:36 Light Cavalry
46:10 Squires
45:56 Arson
46:13 Scale Mail Armor
45:56 Pikeman
47:51 Elite Coustillier
49:11 Chain Mail Armor
48:29 Halberdier
53:47 Caravan
solmanfu
8:04 Loom
9:49 Feudal Age
17:23 Castle Age
17:58 Fletching
21:20 Double-Bit Axe
24:22 Wheelbarrow
24:43 Bloodlines
24:46 Forging
24:42 Scale Barding Armor
27:34 Horse Collar
29:25 Wheelbarrow
30:04 Light Cavalry
31:38 Husbandry
34:39 Imperial Age
34:55 Chain Barding Armor
34:37 Cavalier
37:22 Hand Cart
37:47 Iron Casting
38:29 Gold Mining
40:40 Plate Barding Armor
44:18 Savar
46:56 Blast Furnace
47:33 Gold Shaft Mining
53:26 Conscription
53:18 Citadels
53:11 Bodkin Arrow
Kryptonknight
6:35 Loom
9:42 Feudal Age
10:19 Double-Bit Axe
11:04 Horse Collar
14:44 Forging
17:37 Scale Barding Armor
23:05 Castle Age
24:03 Bow Saw
23:54 Heavy Plow
24:18 Husbandry
24:29 Bloodlines
26:42 Wheelbarrow
29:12 Gold Mining
30:08 Hand Cart
30:51 Chain Barding Armor
34:35 Iron Casting
35:33 Light Cavalry
38:49 Imperial Age
39:15 Elite Leitis
40:52 Plate Barding Armor
41:02 Conscription
43:56 Two-Man Saw
43:27 Crop Rotation
44:12 Town Watch
46:56 Stone Mining
49:22 Stone Shaft Mining
Dickpantz
6:16 Loom
7:02 Loom
11:34 Feudal Age
13:08 Double-Bit Axe
15:13 Fletching
16:18 Padded Archer Armor
19:41 Wheelbarrow
20:32 Horse Collar
25:28 Castle Age
25:32 Crossbowman
26:08 Bodkin Arrow
26:41 Thumb Ring
29:05 Squires
34:03 Bow Saw
37:28 Forging
37:35 Hand Cart
41:15 Town Watch
41:45 Hand Cart
44:14 Ballistics
435589836
0:46 Loom
11:43 Feudal Age
16:22 Scale Mail Armor
22:42 Castle Age
22:09 Forging
22:40 Double-Bit Axe
24:09 Chain Mail Armor
27:31 Squires
27:12 Pikeman
31:51 Bow Saw
Connection lost

Rejoining the realm…

Still unreachable

The connection could not be restored.

Session expired

The server has moved on; the page needs a fresh start.